 Dungeon Crawl Stone Soup version 0.23-b1-6-ga921848b48 (webtiles) character file.

Game seed: 10949097226886068326

1540 Infinimo the Carver (level 8, 0/73 HPs)
             Began as a Minotaur Berserker on Feb 1, 2019.
             Was a Priest of Trog.
             Slain by an unseen horror (8 damage)
             ... on level 5 of the Dungeon.
             The game lasted 00:08:19 (4738 turns).

Infinimo the Carver (Minotaur Berserker)            Turns: 4738, Time: 00:08:19

Health: 0/73       AC: 11    Str: 22    XL:     8   Next: 56%
Magic:  6/6        EV:  8    Int:  8    God:    Trog [***...]
Gold:   322        SH:  0    Dex:  8    Spells: 7/7 levels left

rFire    . . .     SeeInvis .   a - +0 falchion
rCold    . . .     Gourm    .   (no shield)
rNeg     . . .     Faith    .   k - +1 chain mail
rPois    .         Spirit   .   (helmet restricted)
rElec    .         Reflect  .   (no cloak)
rCorr    .         Harm     .   (no gloves)
MR       ++...                  (no boots)
Stlth    ..........             (no amulet)
HPRegen  1.22/turn              (no ring)
MPRegen  0.10/turn              (no ring)

@: regenerating
A: retaliatory headbutt, horns 2, clever 1, clumsy 1, low mp 1
a: Berserk, Trog's Hand, Renounce Religion


You were on level 5 of the Dungeon.
You worshipped Trog.
Trog was most pleased with you.
You were not hungry.

You visited 1 branch of the dungeon, and saw 5 of its levels.

You collected 322 gold pieces.

Inventory:

Hand Weapons
 a - a +0 falchion (weapon)
Armour
 k - a +1 chain mail (worn)
Jewellery
 n - a +3 ring of dexterity
 p - a cursed amulet of inaccuracy {unknown}
 q - an uncursed ring of protection from magic
 s - an uncursed ring of protection from fire
Scrolls
 e - a scroll of identify
 i - a scroll of remove curse
 l - a scroll of blinking
Potions
 d - a potion of brilliance
 f - 3 potions of cancellation
Comestibles
 c - a ration


   Skills:
 + Level 7.3 Fighting
 * Level 9.8 Long Blades
 + Level 6.8 Armour
 - Level 2.1 Dodging


You had 7 spell levels left.
You didn't know any spells.
Your spell library was empty.

Dungeon Overview and Level Annotations

Branches:
Dungeon (5/15)             Temple (0/1) D:4

Altars:


Innate Abilities, Weirdness & Mutations

You reflexively headbutt those who attack you in melee.
You have a pair of horns on your head.
Your mind is acute. (Int +2)
You are clumsy. (Dex -2)
Your magical capacity is low. (-10% MP)


Message History

Something hits your ogre.
Your ogre rages.
Something hits your ogre. Something hits your ogre.
Your ogre dies!
Your ogre's corpse disappears in a puff of smoke!
Something hits you!
* * * LOW HITPOINT WARNING * * *
You swing at nothing.
You swing at nothing.
You swing at nothing.
Something hits you.
* * * LOW HITPOINT WARNING * * *
Your skin crawls.
You feel resistant to hostile enchantments.
You feel somewhat more hungry.
You can no longer call in reinforcements.
Something hits you.
* * * LOW HITPOINT WARNING * * *
You swing at nothing.
Something hits you!
You die...

##.##########..##..##...#
#..# #).....####.. ##.##
##.#...#####. #..#
#........... #.##
#..#...####. #.#
##.#....###. #.#
#####......)... #.#
####..........#### #.#
#@{..............# ###.#
#####.###.)....... #...#
#....).##..#.# #.###
###..)........ ##>#
##.##.##..#.. #..#
##..##.##..### ##.##
###..........### ####..##
######...............
.......#
#......#..........##.


There were no monsters in sight!

Vanquished Creatures
  Grinder (D:5)
  5 ogres
  A sky beast (D:5)
  A howler monkey (D:5)
  2 crimson imps (D:5)
  7 orc wizards
  A bullfrog skeleton (D:5)
  3 orc priests
  An iguana (D:5)
  3 worker ants
  A hound skeleton (D:4)
  A worker ant zombie (D:5)
  5 adders
  6 gnolls
  An ooze (D:3)
  2 worms
  A dart slug (D:1)
  5 leopard geckos
  27 orcs
  5 bats
  4 giant cockroaches
  5 goblins
  10 hobgoblins
  14 jackals
  11 kobolds
  3 quokkas
  6 frilled lizards
  A jackal skeleton (D:4)
  A leopard gecko skeleton (D:4)
  9 rats
143 creatures vanquished.

Vanquished Creatures (collateral kills)
  A centaur (D:5)
  A gnoll (D:5)
  A worm (D:5)
3 creatures vanquished.

Grand Total: 146 creatures vanquished

Notes
Turn   | Place    | Note
-------+----------+-------------------------------------------
     0 | D:1      | Infinimo the Minotaur Berserker began the quest for the
                  | Orb.
     0 | D:1      | Reached XP level 1. HP: 19/19 MP: 0/0
   138 | D:1      | Reached skill level 4 in Long Blades
   138 | D:1      | Reached XP level 2. HP: 16/27 MP: 1/1
   896 | D:1      | Reached XP level 3. HP: 33/33 MP: 2/2
  1270 | D:1      | Reached ** piety under Trog
  1773 | D:2      | Reached XP level 4. HP: 38/40 MP: 3/3
  1839 | D:2      | Reached skill level 5 in Long Blades
  1847 | D:2      | Reached XP level 5. HP: 47/47 MP: 4/4
  2508 | D:3      | Reached *** piety under Trog
  2637 | D:3      | Reached skill level 6 in Long Blades
  2778 | D:4      | Noticed an ogre
  2827 | D:4      | Reached skill level 5 in Fighting
  2922 | D:4      | Reached XP level 6. HP: 56/56 MP: 5/5
  3014 | D:4      | Found a staircase to the Ecumenical Temple.
  3100 | D:4      | Reached skill level 7 in Long Blades
  3381 | D:4      | Reached skill level 5 in Armour
  3381 | D:4      | Reached XP level 7. HP: 62/62 MP: 6/6
  3632 | D:5      | Entered Level 5 of the Dungeon
  3904 | D:5      | Reached **** piety under Trog
  3982 | D:5      | Noticed Grinder
  3985 | D:5      | Paralysed by Grinder for 4 turns
  3992 | D:5      | Killed Grinder
  3992 | D:5      | Reached skill level 8 in Long Blades
  4033 | D:5      | Identified the +4 short sword of the Unliving {drain, rF+
                  | Int+5 Dex-5 SInv}
  4087 | D:5      | Reached XP level 8. HP: 71/71 MP: 7/7
  4092 | D:5      | Reached skill level 9 in Long Blades
  4207 | D:5      | HP: 2/73 [centaur/arrow (3)]
  4621 | D:5      | Gained mutation: Your magical capacity is low. (-10% MP)
                  | [potion of mutation]
  4621 | D:5      | Gained mutation: You are clumsy. (Dex -2) [potion of
                  | mutation]
  4621 | D:5      | Gained mutation: Your mind is acute. (Int +2) [potion of
                  | mutation]
  4738 | D:5      | Slain by an unseen horror

Skill      XL: |  1  2  3  4  5  6  7  8 |
---------------+-------------------------+-----
Long Blades    | 4 5 6 7 8 9 |  9.8
Fighting       | 4 5 6 7 |  7.3
Armour         | 3 4 5 6 |  6.8
Dodging        | |  2.1

Action                   |  1- 3 |  4- 6 |  7- 9 || total
-------------------------+-------+-------+-------++-------
Melee: Falchion          |    82 |   165 |   138 ||   385
       Headbutt          |     8 |    26 |    22 ||    56
Invok: Berserk           |     3 |     3 |     6 ||    12
       Trog's Hand       |       |       |     2 ||     2
       Brothers in Arms  |       |       |     2 ||     2
  Use: Scroll            |       |     6 |     3 ||     9
       Potion            |       |       |     7 ||     7
  Eat: Chunk             |     5 |     8 |     6 ||    19
       Ration            |       |       |     2 ||     2
Armor: Animal skin       |    18 |       |       ||    18
       Chain mail        |       |    72 |    72 ||   144
       Skin              |       |       |     9 ||     9
Dodge: Dodged            |    66 |    62 |    44 ||   172
       Rpst.: Falchion   |    14 |    20 |    14 ||    48
